 Dungeon Crawl Stone Soup version 0.19-a0-854-gc78d25d (webtiles) character file.

232 Goblin1989 the Sneak (level 6, 0/45 HPs)
             Began as a Vine Stalker Assassin on July 1, 2016.
             Slain by a scorpion (4 damage)
             ... on level 4 of the Dungeon.
             The game lasted 00:10:13 (3242 turns).

Goblin1989 the Sneak (Vine Stalker Assassin)        Turns: 3242, Time: 00:10:13

Health: 0/45       AC: 23    Str: 13    XL:     6   Next: 4%
Magic:  0/7        EV:  2    Int: 11    God:
Gold:   245        SH:  4    Dex: 18    Spells: 0 memorised, 5 levels left

rFire  . . .     SeeInvis .     a - +2 dagger
rCold  . . .     Gourm    .     (armour currently unavailable)
rNeg   + + +     Faith    .     q - +0 buckler
rPois  +         Spirit   +     (helmet currently unavailable)
rElec  .         Dismiss  .     (cloak currently unavailable)
rCorr  .         Reflect  .     (gloves currently unavailable)
SustAt .         Harm     .     (boots currently unavailable)
MR     .....     NoTele   +     (no amulet)
Stlth  +++++.....               (no ring)
                                (no ring)

@: lethally poisoned (0 -> 0), tree-form, not resistant to hostile enchantments,
quite stealthy
A: (fangs 0), regeneration 2, magic shield, (antimagic bite), no device heal 3,
rot immunity
a: no special abilities


You were on level 4 of the Dungeon.
You were not hungry.
You were a tree.
You visited 1 branch of the dungeon, and saw 4 of its levels.

You collected 245 gold pieces.

Inventory:

Hand Weapons
 a - a +2 dagger (weapon)
 b - a +0 blowgun
Missiles
 e - 7 poisoned needles
 f - 2 curare-tipped needles
Armour
 c - a +0 robe (melded)
 d - a +0 cloak (melded)
 q - a +0 buckler (worn)
 u - a +0 pair of gloves (melded)
Wands
 B - a wand of lightning (6/15)
Scrolls
 h - a scroll of random uselessness {unknown}
 l - a scroll of immolation {unknown}
 n - a scroll of remove curse {unknown}
 p - 2 scrolls of amnesia {unknown}
 s - a scroll of enchant weapon {unknown}
 w - 2 scrolls of teleportation {unknown}
 y - a scroll of noise {unknown}
 A - 2 scrolls of identify {unknown}
Potions
 i - a potion of mutation {unknown}
 j - 2 potions of degeneration {unknown}
 k - 2 potions of agility
 m - 3 potions of might {unknown}
 o - a potion of haste {unknown}
 t - 2 potions of curing
 v - a potion of cancellation {unknown}
 x - a potion of lignification {!q}
Comestibles
 g - 3 bread rations
 r - a beef jerky
 z - a royal jelly


   Skills:
 - Level 1.7 Fighting
 * Level 4.7 Short Blades
 - Level 1.7 Throwing
 - Level 0.7 Dodging
 + Level 6.3 Stealth


You had 5 spell levels left.
You didn't know any spells.

Dungeon Overview and Level Annotations

Branches:
Dungeon (4/15)
 Temple: D:4-7

Altars:
Ashenzari
Fedhas
Pakellas
Ru
Trog
Zin


Innate Abilities, Weirdness & Mutations

((You have extremely sharp teeth.))
You heal very quickly.
When hurt, damage is shared between your health and your magic reserves.
((Your bite disrupts and absorbs the magic of your enemies.))
Potions and wands cannot restore your health.
You are immune to rotting.


Message History

The scorpion stings you but does no damage.
You take 1 damage, and have 8/45 hp.
You hit the scorpion but do no damage.
You feel sick. The scorpion stings you.
* * * LOW HITPOINT WARNING * * *
You take 3 damage, and have 5/45 hp.
You now have 2/7 mp.
You closely miss the scorpion. You hit the scorpion but do no damage.
You feel sick.
The scorpion stings you but does no damage.
You hit the scorpion.
You feel sick.
The scorpion stings you but does no damage.
You take 1 damage, and have 4/45 hp.
You hit the scorpion but do no damage. The scorpion barely misses you.
Your shield prevents you from hitting the scorpion.
You feel sick. The scorpion completely misses you.
You take 1 damage, and have 4/45 hp.
You hit the scorpion. You hit the scorpion but do no damage.
You feel sick.
The scorpion stings you but does no damage.
You hit the scorpion but do no damage. The scorpion stings you.
You die...

....... .......
....... .......
.......
.......##
#.......# .#
.#.###s# #
..##.#..##♣##.#
#............#
#..#..##.####
#.#.###.#
#.......#
##...#### ##.##
# . ##.## .#.
#...#


You could see a scorpion.

Vanquished Creatures
  A giant frog skeleton (D:4)
  2 worker ants (D:4)
  4 adders
  4 gnolls (D:3)
  2 worms
  2 dart slugs
  A giant gecko (D:1)
  An orc (D:4)
  7 bats
  2 giant cockroaches
  12 goblins
  8 hobgoblins
  6 jackals
  5 kobolds
  2 quokkas (D:3)
  6 giant newts
  A jackal skeleton (D:4)
  5 rats
71 creatures vanquished.

Notes
Turn   | Place    | Note
-------+----------+-------------------------------------------
     0 | D:1      | Goblin1989 the Vine Stalker Assassin began the quest for the Orb.
     0 | D:1      | Reached XP level 1. HP: 11/11 MP: 2/2
   199 | D:1      | Reached skill level 5 in Stealth
   199 | D:1      | Reached XP level 2. HP: 15/15 MP: 3/3
   665 | D:1      | Reached XP level 3. HP: 18/18 MP: 4/4
  1313 | D:2      | Found an oddly glowing altar of Pakellas.
  1338 | D:2      | Found a shattered altar of Ashenzari.
  1398 | D:2      | Found a bloodstained altar of Trog.
  1544 | D:2      | Noticed an angel
  1545 | D:2      | Found a glowing silver altar of Zin.
  1629 | D:2      | Found a sacrificial altar of Ru.
  2232 | D:3      | Reached XP level 4. HP: 23/23 MP: 5/5
  2555 | D:3      | Reached XP level 5. HP: 13/26 MP: 3/6
  2692 | D:3      | Found a blossoming altar of Fedhas.
  2988 | D:4      | Reached skill level 6 in Stealth
  3196 | D:4      | Gained mutation: You heal very quickly. [Vine Stalker growth]
  3196 | D:4      | Reached XP level 6. HP: 30/30 MP: 7/7
  3242 | D:4      | Slain by a scorpion

Vault maps used:
D:1:      erik_arrival_cave_to_civilisation, hangedman_decor_clover_reticule
D:2:      zin_angel, nicolae_ru_the_path_less_chosen,
          lemuel_coloured_pillars_altar, bloody_trog, grunt_pakellas_mercury
D:3:      lemuel_round_altar, first_bread

Skill      XL: |  1  2  3  4  5 |
---------------+----------------+-----
Short Blades   | 2 3 4 |  4.7
Stealth        | 5 6 |  6.3
Fighting       | |  1.7
Throwing       | |  1.7
Dodging        | |  0.7

Action                   |  1- 3 |  4- 6 || total
-------------------------+-------+-------++-------
Melee: Dagger            |   103 |   149 ||   252
       Bite              |    27 |    48 ||    75
 Fire: Blowgun           |     8 |       ||     8
  Use: Potion            |       |     4 ||     4
 Stab: Sleeping          |     8 |     9 ||    17
       Distracted        |     1 |       ||     1
  Eat: Chunk             |     3 |       ||     3
       Meat ration       |     1 |       ||     1
Armor: Robe              |    23 |    24 ||    47
       Skin              |       |     6 ||     6
Dodge: Dodged            |    44 |    57 ||   101
Block: Buckler           |     1 |    26 ||    27
